[ AOE2 MATCH · #507211236 ]
UnrankedCelts vs Vikings
Player's team · WIN
Rival team · LOSS
[ REPLAY ANALYSIS · EXTRACTED FROM THE RECORDED GAME ]
Feudal
12:37
Castle
22:31
Imperial
—
| APM avg | 73.9 |
| APM peak | 129 |
| eAPM avg | 29.7 |
| Villagers / military | 57 / 48 |
Focus
⚔️ 26.7% · 🌾 73.3%
Archer ×35 · Militia ×7 · Skirmisher ×5 · Spearman ×1
Feudal
9:06
Castle
—
Imperial
—
| APM avg | 69.8 |
| APM peak | 102 |
| eAPM avg | 35.8 |
| Villagers / military | 60 / 25 |
Focus
⚔️ 24.4% · 🌾 75.6%
Archer ×15 · Skirmisher ×7 · Scout Cavalry ×3
Match map
Initial resources + every placement click. Lines = walls · curves = elevation contours. ◆ gold · ⬟ stone · ● berries · ✦ relic · ◌ wall gap
Your base· ✓ Closed at 22:31 · 60t walls · 1 gate(s)
燕麦牛奶's base· ✓ Closed at 21:38 · 42t walls · no gate
Smoothed initial terrain · ◌ = detected wall gap · hover for details
Inputs per minute
— dlms9 - - 燕麦牛奶
Build order — dlms9
First 150 of 163 actions detected
| 0:00 | Queue | Villager (Male) |
| 0:00 | Queue | Villager (Male) |
| 0:01 | Queue | Villager (Male) |
| 0:02 | Build | House |
| 0:03 | Build | House |
| 0:08 | Queue | Villager (Male) |
| 0:08 | Queue | Villager (Male) |
| 1:32 | Queue | Villager (Male) |
| 1:32 | Queue | Villager (Male) |
| 1:56 | Build | Lumber Camp |
| 2:07 | Queue | Villager (Male) |
| 2:07 | Queue | Villager (Male) |
| 2:16 | Queue | Villager (Male) |
| 2:16 | Queue | Villager (Male) |
| 2:52 | Queue | Villager (Male) |
| 2:52 | Queue | Villager (Male) |
| 3:01 | Build | House |
| 3:17 | Queue | Villager (Male) |
| 3:17 | Queue | Villager (Male) |
| 3:17 | Queue | Villager (Male) |
| 3:39 | Queue | Villager (Male) |
| 3:39 | Queue | Villager (Male) |
| 3:43 | Build | House |
| 4:20 | Build | Mill |
| 4:20 | Queue | Villager (Male) |
| 4:21 | Queue | Villager (Male) |
| 4:29 | Queue | Villager (Male) |
| 4:29 | Queue | Villager (Male) |
| 5:20 | Queue | Villager (Male) |
| 5:21 | Queue | Villager (Male) |
| 5:21 | Queue | Villager (Male) |
| 6:07 | Build | Barracks |
| 6:09 | Queue | Villager (Male) |
| 6:25 | Queue | Villager (Male) |
| 6:26 | Queue | Villager (Male) |
| 6:26 | Queue | Villager (Male) |
| 6:43 | Build | House |
| 6:45 | Build | Palisade Wall |
| 6:46 | Build | Palisade Wall |
| 7:08 | Queue | Villager (Male) |
| 7:10 | Queue | Militia |
| 7:10 | Queue | Militia |
| 7:10 | Queue | Militia |
| 7:11 | Queue | Militia |
| 7:51 | Build | Mining Camp |
| 8:10 | Queue | Villager (Male) |
| 8:18 | Queue | Militia |
| 8:19 | Queue | Militia |
| 8:19 | Queue | Militia |
| 8:33 | Queue | Villager (Male) |
| 9:30 | Queue | Villager (Male) |
| 9:44 | Research | Loom |
| 10:17 | Build | House |
| 10:19 | Build | Palisade Wall |
| 10:28 | Research | Feudal Age |
| 10:46 | Build | House |
| 10:48 | Build | Palisade Wall |
| 11:02 | Build | House |
| 11:03 | Queue | Villager (Male) |
| 11:36 | Build | Palisade Wall |
| 11:37 | Queue | Villager (Male) |
| 12:18 | Build | Palisade Wall |
| 12:27 | Build | Palisade Wall |
| 12:28 | Build | Palisade Wall |
| 12:37 | Age | Feudal Age |
| 12:39 | Build | Archery Range |
| 12:40 | Research | Double-Bit Axe |
| 12:41 | Research | Horse Collar |
| 12:41 | Research | Horse Collar |
| 12:52 | Queue | Villager (Male) |
| 12:54 | Build | House |
| 12:56 | Build | Palisade Wall |
| 13:20 | Build | Lumber Camp |
| 13:23 | Build | Lumber Camp |
| 13:26 | Queue | Archer |
| 13:26 | Queue | Archer |
| 13:27 | Queue | Villager (Male) |
| 13:40 | Build | Farm |
| 13:45 | Queue | Archer |
| 13:46 | Queue | Archer |
| 13:56 | Queue | Villager (Male) |
| 14:03 | Build | Palisade Wall |
| 14:09 | Build | Farm |
| 14:14 | Build | Farm |
| 14:17 | Queue | Villager (Male) |
| 14:20 | Queue | Villager (Male) |
| 14:23 | Queue | Archer |
| 14:23 | Queue | Archer |
| 14:38 | Build | Farm |
| 14:40 | Build | Farm |
| 14:41 | Queue | Villager (Male) |
| 14:47 | Build | Farm |
| 14:52 | Build | House |
| 15:12 | Queue | Villager (Male) |
| 15:20 | Build | Farm |
| 15:22 | Build | Farm |
| 15:25 | Build | Blacksmith |
| 15:31 | Build | Palisade Gate |
| 15:35 | Queue | Villager (Male) |
| 15:44 | Build | Farm |
| 15:48 | Build | Farm |
| 15:57 | Queue | Villager (Male) |
| 15:59 | Build | House |
| 16:00 | Queue | Villager (Male) |
| 16:03 | Build | Farm |
| 16:10 | Queue | Villager (Male) |
| 16:17 | Research | Fletching |
| 16:17 | Queue | Archer |
| 16:18 | Queue | Archer |
| 16:18 | Queue | Villager (Male) |
| 16:24 | Build | Farm |
| 16:39 | Build | Farm |
| 16:41 | Build | Farm |
| 16:45 | Build | Farm |
| 16:51 | Queue | Archer |
| 16:56 | Build | Farm |
| 17:00 | Queue | Spearman |
| 17:14 | Queue | Archer |
| 17:14 | Queue | Archer |
| 17:20 | Queue | Skirmisher |
| 17:30 | Queue | Skirmisher |
| 17:34 | Build | Farm |
| 17:47 | Queue | Skirmisher |
| 17:53 | Queue | Villager (Male) |
| 17:55 | Queue | Skirmisher |
| 18:06 | Queue | Skirmisher |
| 18:16 | Queue | Villager (Male) |
| 18:36 | Build | Archery Range |
| 19:03 | Queue | Archer |
| 19:03 | Queue | Archer |
| 19:30 | Queue | Archer |
| 19:30 | Queue | Archer |
| 19:49 | Queue | Archer ×5 |
| 19:51 | Research | Castle Age |
| 20:00 | Queue | Archer |
| 20:17 | Queue | Archer |
| 20:17 | Queue | Archer |
| 20:32 | Research | Padded Archer Armor |
| 20:43 | Queue | Archer |
| 20:43 | Queue | Archer |
| 20:48 | Build | House |
| 20:50 | Build | House |
| 20:56 | Research | Gold Mining |
| 21:26 | Queue | Villager (Male) |
| 21:30 | Build | House |
| 21:34 | Build | House |
| 21:34 | Build | House |
| 22:31 | Age | Castle Age |
| 22:34 | Research | Crossbowman (upgrade) |
| 22:36 | Research | Bodkin Arrow |
Build order — 燕麦牛奶
First 150 of 162 actions detected
| 0:01 | Queue | Villager (Male) |
| 0:02 | Queue | Villager (Male) |
| 0:02 | Queue | Villager (Male) |
| 0:03 | Build | House |
| 0:04 | Build | House |
| 0:08 | Queue | Villager (Male) |
| 1:34 | Queue | Villager (Male) |
| 1:47 | Build | Lumber Camp |
| 1:59 | Queue | Villager (Male) |
| 1:59 | Queue | Villager (Male) |
| 1:59 | Queue | Villager (Male) |
| 2:17 | Queue | Villager (Male) |
| 2:53 | Queue | Villager (Male) |
| 2:53 | Queue | Villager (Male) |
| 3:10 | Queue | Villager (Male) |
| 3:35 | Build | House |
| 3:36 | Queue | Villager (Male) |
| 3:37 | Queue | Villager (Male) |
| 3:58 | Queue | Villager (Male) |
| 3:58 | Queue | Villager (Male) |
| 4:11 | Queue | Villager (Male) |
| 4:11 | Queue | Villager (Male) |
| 4:17 | Build | Mill |
| 4:58 | Queue | Villager (Male) |
| 5:20 | Queue | Villager (Male) |
| 5:22 | Queue | Villager (Male) |
| 5:42 | Queue | Villager (Male) |
| 6:11 | Research | Loom |
| 6:56 | Research | Feudal Age |
| 6:56 | Research | Feudal Age |
| 7:43 | Build | Barracks |
| 8:52 | Build | House |
| 8:57 | Build | Palisade Wall |
| 8:58 | Build | Palisade Wall |
| 9:06 | Age | Feudal Age |
| 9:06 | Build | Palisade Wall |
| 9:07 | Build | House |
| 9:14 | Build | Palisade Wall |
| 9:15 | Build | Palisade Wall |
| 9:29 | Queue | Villager (Male) |
| 9:39 | Build | Mining Camp |
| 9:41 | Build | Palisade Wall |
| 9:42 | Build | Palisade Wall |
| 9:43 | Build | Palisade Wall |
| 10:06 | Queue | Villager (Male) |
| 10:07 | Queue | Villager (Male) |
| 10:09 | Research | Double-Bit Axe |
| 10:09 | Research | Double-Bit Axe |
| 10:14 | Queue | Villager (Male) |
| 10:16 | Build | Farm |
| 10:19 | Build | Farm |
| 10:28 | Queue | Villager (Male) |
| 10:36 | Queue | Villager (Male) |
| 10:50 | Queue | Villager (Male) |
| 10:59 | Build | Archery Range |
| 11:04 | Queue | Villager (Male) |
| 11:11 | Build | House |
| 11:12 | Build | Palisade Wall |
| 12:10 | Build | Mill |
| 12:12 | Queue | Villager (Male) |
| 12:14 | Build | Farm |
| 12:17 | Queue | Archer |
| 12:17 | Queue | Archer |
| 12:18 | Queue | Archer |
| 12:26 | Build | House |
| 12:59 | Queue | Archer |
| 13:07 | Build | Blacksmith |
| 13:19 | Queue | Archer |
| 13:20 | Queue | Villager (Male) |
| 13:36 | Build | House |
| 13:37 | Build | House |
| 13:40 | Queue | Villager (Male) |
| 13:44 | Build | House |
| 13:46 | Queue | Villager (Male) |
| 13:53 | Build | Farm |
| 14:16 | Queue | Villager (Male) |
| 14:17 | Queue | Villager (Male) |
| 14:20 | Build | Stable |
| 14:27 | Build | House |
| 14:28 | Queue | Villager (Male) |
| 14:30 | Build | Palisade Wall |
| 14:44 | Build | Farm |
| 14:46 | Queue | Villager (Male) |
| 14:51 | Build | House |
| 14:52 | Build | Palisade Wall |
| 15:01 | Research | Fletching |
| 15:01 | Research | Fletching |
| 15:02 | Queue | Archer |
| 15:02 | Queue | Archer |
| 15:03 | Queue | Villager (Male) |
| 15:11 | Build | Farm |
| 15:15 | Build | House |
| 15:21 | Queue | Scout Cavalry |
| 15:21 | Queue | Scout Cavalry |
| 15:33 | Build | Farm |
| 15:37 | Queue | Villager (Male) |
| 15:38 | Queue | Villager (Male) |
| 15:43 | Build | Palisade Wall |
| 15:44 | Build | Palisade Wall |
| 15:47 | Queue | Archer |
| 15:53 | Build | House |
| 15:57 | Queue | Villager (Male) |
| 16:11 | Build | Farm |
| 16:12 | Queue | Villager (Male) |
| 16:28 | Build | Farm |
| 16:28 | Build | Farm |
| 16:29 | Build | Farm |
| 16:29 | Build | Farm |
| 16:35 | Queue | Archer |
| 16:42 | Queue | Villager (Male) |
| 16:47 | Queue | Scout Cavalry |
| 16:58 | Queue | Villager (Male) |
| 17:25 | Queue | Villager (Male) |
| 17:27 | Queue | Archer |
| 17:27 | Queue | Archer |
| 17:50 | Queue | Villager (Male) |
| 17:58 | Queue | Skirmisher |
| 17:58 | Queue | Skirmisher |
| 18:01 | Build | Lumber Camp |
| 18:02 | Build | Farm |
| 18:27 | Queue | Villager (Male) |
| 18:31 | Build | Farm |
| 18:34 | Queue | Skirmisher |
| 18:36 | Queue | Skirmisher |
| 18:43 | Queue | Villager (Male) |
| 18:48 | Build | Farm |
| 18:50 | Queue | Skirmisher |
| 18:56 | Build | Farm |
| 19:16 | Queue | Villager (Male) |
| 19:22 | Build | Lumber Camp |
| 19:23 | Queue | Villager (Male) |
| 19:31 | Queue | Villager (Male) |
| 19:56 | Build | Farm |
| 20:04 | Queue | Villager (Male) |
| 20:07 | Build | Market |
| 20:09 | Build | House |
| 20:10 | Build | House |
| 20:11 | Queue | Villager (Male) |
| 20:27 | Build | Farm |
| 20:27 | Build | Farm |
| 20:38 | Queue | Villager (Male) |
| 20:40 | Queue | Archer |
| 20:52 | Queue | Skirmisher |
| 21:01 | Build | House |
| 21:02 | Build | House |
| 21:03 | Build | House |
| 21:08 | Build | House |
| 21:16 | Build | Palisade Wall |
| 21:17 | Queue | Villager (Male) |
| 21:38 | Research | Castle Age |
Match timeline
| 6:07 | dlms9 · first_building Barracks |
| 6:45 | dlms9 · wall_segment Palisade Wall x1 |
| 6:46 | dlms9 · wall_segment Palisade Wall x1 |
| 7:43 | 燕麦牛奶 · first_building Barracks |
| 8:57 | 燕麦牛奶 · wall_segment Palisade Wall x1 |
| 8:58 | 燕麦牛奶 · wall_segment Palisade Wall x1 |
| 9:06 | 燕麦牛奶 · age_up feudal |
| 9:06 | 燕麦牛奶 · wall_segment Palisade Wall x1 |
| 9:14 | 燕麦牛奶 · wall_segment Palisade Wall x1 |
| 9:15 | 燕麦牛奶 · wall_segment Palisade Wall x1 |
| 9:41 | 燕麦牛奶 · wall_segment Palisade Wall x1 |
| 9:42 | 燕麦牛奶 · wall_segment Palisade Wall x1 |
| 9:43 | 燕麦牛奶 · wall_segment Palisade Wall x1 |
| 10:19 | dlms9 · wall_segment Palisade Wall x13 |
| 10:48 | dlms9 · wall_segment Palisade Wall x8 |
| 10:59 | 燕麦牛奶 · first_building Archery Range |
| 11:12 | 燕麦牛奶 · wall_segment Palisade Wall x8 |
| 11:36 | dlms9 · wall_segment Palisade Wall x16 |
| 12:18 | dlms9 · wall_segment Palisade Wall x1 |
| 12:27 | dlms9 · wall_segment Palisade Wall x1 |
| 12:28 | dlms9 · wall_segment Palisade Wall x1 |
| 12:37 | dlms9 · age_up feudal |
| 12:39 | dlms9 · first_building Archery Range |
| 12:56 | dlms9 · wall_segment Palisade Wall x17 |
| 14:03 | dlms9 · wall_segment Palisade Wall x1 |
| 14:20 | 燕麦牛奶 · first_building Stable |
| 14:30 | 燕麦牛奶 · wall_segment Palisade Wall x16 |
| 14:52 | 燕麦牛奶 · wall_segment Palisade Wall x4 |
| 15:43 | 燕麦牛奶 · wall_segment Palisade Wall x3 |
| 15:44 | 燕麦牛奶 · wall_segment Palisade Wall x3 |
| 21:16 | 燕麦牛奶 · wall_segment Palisade Wall x1 |
| 22:31 | dlms9 · age_up castle |
| 23:42 | 燕麦牛奶 · resign |
[ AI ANALYSIS · 1 CREDIT ]
What really happened in this match?
Wolo.gg analyzes every decision: build order, eco, micro, common mistakes by bracket. Personalized analysis on WhatsApp or Discord in 30 seconds.
Civ guide
Celts
Perfil
Jugador #4437805